 Dungeon Crawl Stone Soup version 0.24-a0-586-g8e0e932a4c (webtiles) character file.

Game seed: 10684423207374640143, levelgen mode: deterministic

41 Holzbalken the Cudgeler (level 3, -1/27 HPs)
             Began as a Demonspawn Gladiator on Sept 8, 2019.
             Slain by a goblin (5 damage)
             ... led by Robin
             ... on level 2 of the Dungeon.
             The game lasted 00:03:08 (1099 turns).

Holzbalken the Cudgeler (Demonspawn Gladiator)      Turns: 1099, Time: 00:03:08

Health: -1/27      AC:  4    Str: 15    XL:     3   Next: 32%
Magic:  3/3        EV: 12    Int:  9    God:
Gold:   84         SH:  0    Dex: 14    Spells: 2/2 levels left

rFire    . . .     SeeInvis .   a - +0 flail
rCold    . . .     Gourm    .   (no shield)
rNeg     . . .     Faith    .   b - +0 leather armour
rPois    .         Spirit   .   c - +0 helmet
rElec    .         Reflect  .   (no cloak)
rCorr    .         Harm     .   (no gloves)
MR       .....                  (no boots)
Stlth    +.........             (no amulet)
HPRegen  0.09/turn              (no ring)
MPRegen  0.08/turn              (no ring)

@: no status effects
A: talons 1, powered by pain 1
a: no special abilities


You were on level 2 of the Dungeon.
You were not hungry.

You visited 1 branch of the dungeon, and saw 2 of its levels.

You collected 84 gold pieces.

Inventory:

Hand Weapons
 a - a +0 flail (weapon)
Missiles
 d - 3 throwing nets (quivered)
Armour
 b - a +0 leather armour (worn)
 c - a +0 helmet (worn)
 e - a +0 ring mail
Scrolls
 g - 4 scrolls of identify {unknown}
 j - 2 scrolls of enchant weapon {unknown}
 k - a scroll of blinking {unknown}
 m - a scroll of fear {unknown}
Potions
 h - a potion of haste {unknown}
 i - a potion of curing
Comestibles
 f - 6 rations
 l - 8 chunks of flesh


   Skills:
 - Level 2.0 Fighting
 + Level 4.0 Maces & Flails
 - Level 1.7 Throwing
 - Level 2.6 Dodging


You had 2 spell levels left.
You didn't know any spells.
Your spell library was empty.

Dungeon Overview and Level Annotations

Branches:
Dungeon (2/15)

Altars:
Vehumet

Annotations:
D:2 Robin


Innate Abilities, Weirdness & Mutations

You have sharp toenails.
You sometimes gain a little power by taking damage.


Message History

You sock the hobgoblin!
You kill the hobgoblin!
You barely miss the goblin. Your kick misses the goblin.
The goblin closely misses you.
You hit the goblin.
You kill the goblin!
Robin says, "Feeling lonely?"
Robin throws the goblin at you!
There is an open door, spattered with blood here.
Items here: $ ))))))))) ÷÷÷÷÷÷ You sock Robin!
You claw Robin, but do no damage.
Robin is heavily wounded.
The goblin hits you but does no damage. Robin hits you with a +0 short sword.
You miss the goblin. The goblin completely misses you.
The goblin hits you with a cursed -1 club.
* * * LOW HITPOINT WARNING * * *
The goblin hits you.
* * * LOW HITPOINT WARNING * * *
You completely miss the goblin. The goblin misses you. The goblin hits you.
You die...

##### #### #...# g..
#...# rg###### #...#
......# #...# .....#
#...# ######....#####
#...# #..............
###
#...####......$.......
...
+...'.g@g..........$..
###
#...####g.............
..# #...#
######.........
..########...####
#.######.#
..'............... ..#
. ..################
..# ..# #..# ..# ..#


You could see Robin and 2 goblins.

Vanquished Creatures
  An ooze (D:1)
  2 dart slugs
  A giant cockroach (D:1)
  10 hobgoblins
  3 jackals (D:1)
  A kobold (D:1)
  6 goblins
  4 rats
28 creatures vanquished.

Notes
Turn   | Place    | Note
-------+----------+-------------------------------------------
     0 | D:1      | Holzbalken the Demonspawn Gladiator began the quest for the
                  | Orb.
     0 | D:1      | Reached XP level 1. HP: 16/16 MP: 1/1
   243 | D:1      | Reached skill level 3 in Maces & Flails
   331 | D:1      | Gained mutation: You sometimes gain a little power by
                  | taking damage. [demonic ancestry]
   331 | D:1      | Reached XP level 2. HP: 21/22 MP: 2/2
   780 | D:2      | Found a radiant altar of Vehumet.
   991 | D:2      | Noticed Robin
  1004 | D:2      | Gained mutation: You have sharp toenails. [demonic
                  | ancestry]
  1004 | D:2      | Reached XP level 3. HP: 27/27 MP: 3/3
  1034 | D:2      | Reached skill level 4 in Maces & Flails
  1099 | D:2      | Slain by a goblin

Levels and vault maps discovered:
D:1:      dpeg_arrival_rhombus, layout_basic, item_on_display_a
D:2:      layout_basic, fiery_altar_vehumet, first_ration, hangedman_decor_push,
          uniq_robin, uniq_jessica

Skill      XL: |  1  2  3 |
---------------+----------+-----
Maces & Flails | 3 4 |  4.0
Fighting       | |  2.0
Throwing       | |  1.7
Dodging        | |  2.6

Action                   || total
-------------------------++-------
Melee: Flail             ||   102
       Kick              ||     5
  Use: Potion            ||     1
  Eat: Chunk             ||     1
Armor: Leather armour    ||    28
Dodge: Dodged            ||    51

Table legend:
 A = Non-vault XP
 B = Vault XP
 C = Vault XP percentage of total XP
 D = Non-vault monster count
 E = Vault monster count
 F = Vault count percentage of total count
                 A         B        C        D         E       F
            +---------+---------+-------+---------+---------+-------
      Total |      42 |      17 |  28.8 |      19 |       9 |  32.1
            +---------+---------+-------+---------+---------+-------
        D:1 |      32 |       0 |   0.0 |      14 |       0 |   0.0
        D:2 |      10 |      17 |  63.0 |       5 |       9 |  64.3
            +---------+---------+-------+---------+---------+-------
